 Dungeon Crawl Stone Soup version 0.28-a0-828-g0121872642 (webtiles) character file.

Game seed: 4237808325459765478

58 Crownlay the Digger (level 4, -2/24 HPs)
             Began as a Gargoyle Earth Elementalist on Nov 10, 2021.
             Slain by Terence (9 damage)
             ... on level 3 of the Dungeon.
             The game lasted 00:02:32 (3047 turns).

Crownlay the Digger (Gargoyle Earth Elementalist)   Turns: 3047, Time: 00:02:33

Health: -2/24      AC:  5    Str: 12    XL:     4   Next: 1%
Magic:  1/9        EV: 11    Int: 16    God:
Gold:   142        SH:  0    Dex: 10    Spells: 5/9 levels left

rFire   . . .      SeeInvis .   a - +0 whip
rCold   . . .      Faith    .   (no shield)
rNeg    + . .      Spirit   .   b - +0 robe
rPois   ∞          Reflect  .   (no helmet)
rElec   +          Harm     .   (no cloak)
rCorr   .          Rampage  .   (no gloves)
Will    .....                   (no boots)
Stlth   ++........              (no amulet)
HPRegen 0.08/turn               (no ring)
MPRegen 0.11/turn               (no ring)

@: no status effects
A: sickness immunity, AC +3, negative energy resistance 1, electricity
resistance, torment resistance 1, petrification resistance
a: no special abilities


You were on level 3 of the Dungeon.
You visited 1 branch of the dungeon, and saw 3 of its levels.

You collected 142 gold pieces.

Inventory:

Hand Weapons
 a - a +0 whip (weapon)
Missiles
 c - 29 stones
Armour
 b - a +0 robe (worn)
Jewellery
 j - a +6 ring of intelligence
Scrolls
 f - 2 scrolls of teleportation {unknown}
 h - a scroll of noise {unknown}
 l - a scroll of enchant armour {unknown}
 m - a scroll of magic mapping {unknown}
 o - a scroll of identify {unknown}
Potions
 d - 3 potions of curing
 e - 2 potions of attraction {unknown}
 g - a potion of invisibility {unknown}
 i - a potion of ambrosia {unknown}
 k - a potion of resistance {unknown}
 n - a potion of lignification {unknown}
 p - a potion of flight {unknown}


   Skills:
 - Level 1.5 Dodging
 - Level 2.1 Stealth
 * Level 3.3 Spellcasting
 - Level 0.7 Transmutations
 + Level 4.4 Earth Magic


You had 5 spell levels left.
You knew the following spells:

 Your Spells              Type           Power      Damage    Failure   Level
a - Sandblast             Erth           32%        2d9       3%          1
b - Stone Arrow           Conj/Erth      18%        3d8       22%         3

Your spell library contained the following spells:

 Spells                   Type           Power      Damage    Failure   Level
 Passwall                 Tmut/Erth      8%         N/A       10%         2
 Summon Small Mammal      Summ           8%         N/A       19%         1
 Ignite Poison            Fire/Tmut/Pois 3%         N/A       43%         3
 Call Canine Familiar     Summ           2%         N/A       47%         3
 Conjure Flame            Conj/Fire      2%         6-21      47%         3
 Summon Guardian Golem    Hex/Summ       2%         N/A       47%         3
 Petrify                  Tmut/Erth      10%        N/A       54%         4
 Hailstorm                Conj/Ice       2%         3d3       87%         4
 Iskenderun's Mystic Bla  Conj/Tloc      2%         2d3       87%         4
 Passage of Golubria      Tloc           2%         N/A       87%         4
 Sticky Flame             Conj/Fire      2%         2d3       87%         4


Dungeon Overview and Level Annotations

Branches:
Dungeon (3/15)

Altars:
Trog

Annotations:
D:3 Terence


Innate Abilities, Weirdness & Mutations

You are immune to sickness and miasma.
Your stone body is resilient. (AC +3)
You are immune to poison.
You resist negative energy. (rN+)
You are resistant to electric shocks. (rElec)
You are resistant to unholy torment.
You are immune to petrification.


Message History

Terence is heavily wounded.
Terence shouts, "Now you die!"
Terence hits you with a +1 flail of protection.
* * * LOW HITPOINT WARNING * * *
Casting: Sandblast (safe; 3% risk of failure)
Confirm with . or Enter, or press ? or * to list all spells.
Aiming: Sandblast (safe; 3% risk of failure)
Press: ? - help, Shift-Dir - straight line, f/p - Terence
Aim: Terence, wielding a +1 flail of protection and wearing a +0 ring mail (heavily wounded, 82% to hit)
The blast of sand hits Terence but does no damage.
Terence is heavily wounded.
Terence hits you with a +1 flail of protection.
* * * LOW HITPOINT WARNING * * *
Casting: Sandblast (safe; 3% risk of failure)
Confirm with . or Enter, or press ? or * to list all spells.
Aiming: Sandblast (safe; 3% risk of failure)
Press: ? - help, Shift-Dir - straight line, f/p - Terence
Aim: Terence, wielding a +1 flail of protection and wearing a +0 ring mail (heavily wounded, 82% to hit)
The blast of sand hits Terence but does no damage.
Terence is heavily wounded.
Terence barely misses you.
Casting: Sandblast (safe; 3% risk of failure)
Confirm with . or Enter, or press ? or * to list all spells.
Aiming: Sandblast (safe; 3% risk of failure)
Press: ? - help, Shift-Dir - straight line, f/p - Terence
Aim: Terence, wielding a +1 flail of protection and wearing a +0 ring mail (heavily wounded, 82% to hit)
The blast of sand hits Terence but does no damage.
Terence is heavily wounded.
Terence closely misses you. Terence shouts, "Now you die!"
You aren't carrying any items that you can evoke.
Casting: Sandblast (safe; 3% risk of failure)
Confirm with . or Enter, or press ? or * to list all spells.
Aiming: Sandblast (safe; 3% risk of failure)
Press: ? - help, Shift-Dir - straight line, f/p - Terence
Aim: Terence, wielding a +1 flail of protection and wearing a +0 ring mail (heavily wounded, 82% to hit)
The blast of sand hits Terence.
Terence is heavily wounded.
Terence hits you with a +1 flail of protection!
You die...

........#.#..>........#
........#.#.......###.#
..........###.......#.#
........### #.##.##.#.#
#.......# #.##....#.#
#.......# #.####..#.#
#.......# #.# #..#........
#############.####..#########
.>...##........@@...#
.....##.......###...# #.#
.....############...# #.#
....................# #.#
.####......#######..#######
#.# .# #......# #....>...#
#.# .# #......# ##.#####.#
#.# .# #......# #.# #.#####.#
#####......# #.# #........


You could see Terence.

Vanquished Creatures
  2 adders
  A worm (D:2)
  A dart slug (D:1)
  2 bats
  5 endoplasms
  A giant cockroach (D:3)
  5 goblins
  2 hobgoblins (D:1)
  4 kobolds
  2 quokkas (D:1)
  4 ball pythons
  2 frilled lizards (D:1)
  2 rats
33 creatures vanquished.

Notes
Turn   | Place    | Note
-------+----------+-------------------------------------------
     0 | D:1      | Crownlay the Gargoyle Earth Elementalist began the quest
                  | for the Orb.
     0 | D:1      | Reached XP level 1. HP: 10/10 MP: 3/3
   391 | D:1      | Reached XP level 2. HP: 15/15 MP: 3/5
   664 | D:1      | Reached skill level 4 in Earth Magic
  1033 | D:1      | Reached XP level 3. HP: 13/19 MP: 7/7
  1137 | D:1      | Found a faded altar of an unknown god.
  1679 | D:2      | Got Zuel Xos's Handbook of Ice and Translocation
  1719 | D:2      | Learned a level 3 spell: Stone Arrow
  2767 | D:3      | Found a bloodstained altar of Trog.
  2826 | D:3      | Reached XP level 4. HP: 23/24 MP: 6/9
  2981 | D:3      | Noticed Terence
  3047 | D:3      | Slain by Terence

Illustrated notes

Levels and vault maps discovered:
D:1:      minmay_arrival_pointy, layout_loops_ring,
          shapermc_ecumenical_altar_mp_highgroup, serial_rivers,
          chequers_serial_rivers_micro_a, chequers_serial_rivers_large_a,
          chequers_serial_rivers_micro_e, chequers_serial_rivers_room_a,
          chequers_serial_rivers_micro_d, chequers_serial_rivers_micro_b
D:2:      layout_basic
D:3:      layout_basic, lemuel_doored_altar, wad_floor_pattern_1, uniq_terence

Skill      XL: |  1  2  3 |
---------------+----------+-----
Earth Magic    | 4 |  4.4
Spellcasting   | 3 |  3.3
Dodging        | |  1.5
Stealth        | |  2.1
Transmutations | |  0.7

Action                   |  1- 3 |  4- 6 || total
-------------------------+-------+-------++-------
Melee: Whip              |    37 |       ||    37
 Cast: Sandblast         |    33 |    15 ||    48
 Stab: Sleeping          |     1 |       ||     1
Armor: Robe              |    15 |       ||    15
Dodge: Dodged            |    15 |     7 ||    22

Table legend: (Time is in decaauts)
 A = Elapsed time spent in this place.
 B = Non-inter-level travel time spent in this place.
 C = Inter-level travel time spent in this place.
 D = Time resting spent in this place.
 E = Time spent auto-exploring this place.
 F = Levels seen in this place.
 G = Mean time per level.
                   A        B        C        D        E       F      G
               +--------+--------+--------+--------+--------+-----+--------+
         Total |   3063 |   2979 |     84 |      0 |   2676 |   3 | 1021.0 |
       Dungeon |   3063 |   2979 |     84 |      0 |   2676 |   3 | 1021.0 |
               +--------+--------+--------+--------+--------+-----+--------+

Top non-repeatable levels by time:
     D:1: 1554 daAuts
     D:2: 1010 daAuts
     D:3: 497 daAuts
